 Dungeon Crawl Stone Soup version 0.17-a0-1850-g688e747 (webtiles) character file.

5 Duffy the Magician (level 1, 0/9 HPs)
             Began as a Vine Stalker Wizard on Sept 18, 2015.
             Slain by a jackal (3 damage)
             ... on level 1 of the Dungeon.
             The game lasted 00:00:50 (263 turns).

Duffy the Magician (Vine Stalker Wizard)             Turns: 263, Time: 00:00:50

Health: 0/9        AC:  2    Str:  9    XL:     1   Next: 80%
Magic:  0/6        EV: 12    Int: 18    God:
Gold:   10         SH:  0    Dex: 12    Spells: 1 memorised, 6 levels left

rFire  . . .     SeeInvis .     (no weapon)
rCold  . . .     Clarity  .     a - +0 robe
rNeg   . . .     SustAt   .     (no shield)
rPois  +         Gourm    .     b - +0 hat
rElec  .         Spirit   +     (no cloak)
rCorr  .         Warding  .     (no gloves)
rMut   .         Stasis   .     (no boots)
MR     .....                    (no amulet)
Stlth  ++........               (no ring)
                                f - ring of poison resistance

@: not resistant to hostile enchantments, unstealthy
A: fangs 2, regeneration 1, magic shield, antimagic bite, no device heal 3, rot
immunity
a: no special abilities


You were on level 1 of the Dungeon.
You were not hungry.

You visited 1 branch of the dungeon, and saw 1 of its levels.

You collected 10 gold pieces.


Innate Abilities, Weirdness & Mutations

You have extremely sharp teeth.
Your natural rate of healing is unusually fast.
When hurt, damage is shared between your health and your magic reserves.
Your bite disrupts and absorbs the magic of your enemies.
Potions and wands cannot restore your health.
You are immune to rotting.


   Skills:
 - Level 1.5 Dodging
 - Level 2.4 Stealth
 + Level 3.5 Spellcasting
 + Level 1.3 Conjurations
   Level 1.0 Summonings
   Level 1.0 Translocations


You had 6 spell levels left.
You knew the following spells:

 Your Spells              Type           Power        Failure   Level  Hunger
a - Magic Dart            Conj           #...         12%         1    None

Inventory:

Missiles
 e - 31 sling bullets
Armour
 a - a +0 robe (worn)
 b - a +0 hat (worn)
Jewellery
 f - a ring of poison resistance (left hand)
Scrolls
 g - a scroll of teleportation {unknown}
Potions
 h - 2 potions of curing {unknown}
Books
 c - a book of Minor Magic
Comestibles
 d - a bread ration

Dungeon Overview and Level Annotations

Branches:
Dungeon (1/15)

Altars:


Message History

There is an open door here.
Casting: Magic Dart
Confirm with . or Enter, or press ? or * to list all spells.
Aiming: Magic Dart
Press: ? - help, Shift-Dir - straight line, f - jackal
Aim: a jackal The magic dart hits the jackal.
The jackal is heavily wounded.
The jackal misses you. The jackal barely misses you. The jackal bites you.
Found a scroll labeled AKHE PYKAULI.
The jackal misses you.
The jackal bites you but does no damage.
Casting: Magic Dart
Confirm with . or Enter, or press ? or * to list all spells.
Aiming: Magic Dart
Press: ? - help, Shift-Dir - straight line, f/p - jackal
Aim: a jackal The magic dart hits the jackal.
The jackal is moderately wounded.
The jackal bites you but does no damage.
The jackal bites you but does no damage.
The jackal closely misses you. The jackal bites you. The jackal bites you.
The jackal bites you.
Casting: Magic Dart
Confirm with . or Enter, or press ? or * to list all spells.
Aiming: Magic Dart
Press: ? - help, Shift-Dir - straight line, f/p - jackal
Aim: a jackal (moderately wounded)
The magic dart hits the jackal.
The jackal is moderately wounded.
The jackal bites you.
You die...

......######...####### ##
.####.†.h#..h#.h.#...##.h.#
.......#...#####...#....#
.......##################♣#
## .........h......##
#♣.#♣♣≈♣ .......########..#
###♣#.♣.♣≈##♣ ........ ##.#
#...........♣ ......... #.#
♣...........♣ ......... #@#
♣..##+####..♣ ..........
#h###..#....P#..♣♣
..........
#.#♣...#...<.#...# ...####
#...♣..#.....#..#.
#.#♣...#.....'...#
#.#♣♣..#...P.#..#♣ #.#
♣..#######..# #.#
#...........#
#.#♣#...........♣


You could see a jackal.

Action                   || total
-------------------------++-------
 Cast: Magic Dart        ||    18

Notes
Turn   | Place    | Note
--------------------------------------------------------------
     0 | D:1      | Duffy the Vine Stalker Wizard began the quest for the Orb.
     0 | D:1      | Reached XP level 1. HP: 9/9 MP: 5/5
   263 | D:1      | Slain by a jackal

Vault maps used:
D:1:      saegor_arrival_under_anarchy, evilmike_ruin_ashenzari

Vanquished Creatures
  A giant cockroach
  A hobgoblin
  A jackal
  A bat
  A rat
5 creatures vanquished.
